 Dungeon Crawl Stone Soup version 0.17.0-24-gcfadda4 (webtiles) character file.

205 Avanven the Cutter (level 6, -16/35 HPs)
             Began as a Kobold Skald on Nov 18, 2015.
             Demolished by an ogre
             ... wielding a +0 giant club
              (24 damage)
             ... on level 4 of the Dungeon.
             The game lasted 00:08:36 (3975 turns).

Avanven the Cutter (Kobold Skald)                   Turns: 3975, Time: 00:08:36

Health: -16/35     AC:  3    Str: 11    XL:     6   Next: 10%
Magic:  6/9        EV: 13    Int: 11    God:
Gold:   158        SH:  0    Dex: 16    Spells: 2 memorised, 5 levels left

rFire  . . .     SeeInvis .     a - +0 short sword
rCold  . . .     Clarity  .     b - +0 leather armour
rNeg   . . .     SustAt   .     (shield restricted)
rPois  .         Gourm    .     (no helmet)
rElec  .         Spirit   .     (no cloak)
rCorr  .         Warding  .     (no gloves)
rMut   .         Stasis   .     (no boots)
MR     .....                    (no amulet)
Stlth  +++.......               (no ring)
                                (no ring)

@: not resistant to hostile enchantments, fairly stealthy
A: carnivore 3
a: no special abilities


You were on level 4 of the Dungeon.
You were completely stuffed.

You visited 1 branch of the dungeon, and saw 4 of its levels.

You collected 158 gold pieces.

Inventory:

Hand Weapons
 a - a +0 short sword (weapon)
Armour
 b - a +0 leather armour (worn)
 e - a +0 pair of boots
Jewellery
 t - an uncursed ring of protection from cold {unknown}
Scrolls
 f - 2 scrolls of fog {unknown}
 i - a scroll of noise {unknown}
 k - a scroll of enchant armour {unknown}
 n - 5 scrolls of identify {unknown}
 o - 2 scrolls of teleportation {unknown}
 p - 4 scrolls of remove curse {unknown}
 q - a scroll of random uselessness {unknown}
 r - a scroll of immolation {unknown}
 x - a scroll of recharging {unknown}
Potions
 g - 2 potions of heal wounds {unknown}
 j - a potion of agility {unknown}
 l - a potion of curing {unknown}
 m - a potion of might {unknown}
 s - a potion of lignification {unknown}
 u - a potion of brilliance {unknown}
 v - a potion of resistance {unknown}
Books
 c - a book of Battle

   Spells                             Type                      Level
   a - Infusion                       Charms                       1
   b - Shroud of Golubria             Charms/Translocation         2
   c - Song of Slaying                Charms                       2
   d - Spectral Weapon                Hexes/Charms                 3
   e - Regeneration                   Charms/Necromancy            3
Comestibles
 d - 2 meat rations
 h - 2 beef jerkies


   Skills:
 - Level 2.1 Fighting
 * Level 5.8 Short Blades
 - Level 0.7 Armour
 - Level 1.2 Dodging
 * Level 4.2 Stealth
 - Level 2.0 Spellcasting
 + Level 3.0 Charms


You had 5 spell levels left.
You knew the following spells:

 Your Spells              Type           Power        Failure   Level  Hunger
a - Infusion              Chrm           #.....       12%         1    ##.....
b - Regeneration          Chrm/Necr      #.........   65%         3    ####...


Dungeon Overview and Level Annotations

Branches:
Dungeon (4/15)
 Temple: D:4-7

Altars:
Kikubaaqudgha
The Shining One

Shops:
D:4 }


Innate Abilities, Weirdness & Mutations

You are small and have problems with some larger weapons.
You are carnivorous and can eat meat at any time.


Message History

You hit the ogre.
The ogre is lightly wounded.
You hit the ogre.
The ogre is moderately wounded.
The orc hits you. The ogre hits you with a giant club!
* * * LOW HITPOINT WARNING * * *
You are too injured to fight recklessly!
You are too injured to fight recklessly!
You are too injured to fight recklessly!
You are too injured to fight recklessly!
You are too injured to fight recklessly!
You are too injured to fight recklessly!
You are too injured to fight recklessly!
You are too injured to fight recklessly!
You are too injured to fight recklessly!
You are too injured to fight recklessly!
You are too injured to fight recklessly!
The ogre hits you with a giant club!!
Ouch! That really hurt!
You die...

##.## ##.####### #
### #........ .
..## ###...#.. #.
...# ####### #.#
#..# # ####..#
#..# .....!)###..#
######
<...⌠..oo@.#
###....####
.......##O.#
#..........
####..# #..#
#.......... #.#
#..####..##.......
..## ##..#...#
#...###. #..%
#.....# ##..## ##
#..# #....####..##
#..####....###..##
#..##.....##..##


You could see an ogre and 2 orcs.

Vanquished Creatures
  An ogre (D:4)
  3 adders
  3 gnolls (D:3)
  An ooze (D:3)
  A worm (D:2)
  2 giant geckos
  3 orcs
  A ball python (D:4)
  6 hobgoblins
  4 kobolds
  A quokka (D:2)
  4 bats
  4 giant cockroaches
  8 giant newts
  9 goblins
  7 rats
58 creatures vanquished.

Notes
Turn   | Place    | Note
--------------------------------------------------------------
     0 | D:1      | Avanven the Kobold Skald began the quest for the Orb.
     0 | D:1      | Reached XP level 1. HP: 12/12 MP: 3/3
    37 | D:1      | Reached skill level 3 in Short Blades
   186 | D:1      | Reached XP level 2. HP: 8/17 MP: 5/5
   759 | D:1      | Reached skill level 4 in Short Blades
  1019 | D:2      | Reached XP level 3. HP: 8/21 MP: 6/6
  1252 | D:2      | Found a faded altar to an unknown god.
  1450 | D:2      | Reached skill level 1 in Stealth
  1981 | D:2      | Reached XP level 4. HP: 14/26 MP: 7/7
  2398 | D:3      | Found an ancient bone altar of Kikubaaqudgha.
  2744 | D:3      | Reached skill level 5 in Short Blades
  2744 | D:3      | Reached XP level 5. HP: 18/30 MP: 3/8
  3000 | D:4      | Noticed an ogre
  3010 | D:4      | Killed an ogre
  3010 | D:4      | Reached XP level 6. HP: 19/35 MP: 0/9
  3221 | D:4      | Found Osud's Gadget Shop.
  3357 | D:4      | Found a glowing golden altar of the Shining One.
  3430 | D:4      | Noticed a phantom
  3893 | D:4      | Learned a level 3 spell: Regeneration
  3975 | D:4      | Demolished by an ogre

Action                   |  1- 3 |  4- 6 || total
-------------------------+-------+-------++-------
Melee: Short sword       |   114 |   121 ||   235
 Cast: Infusion          |     1 |     9 ||    10
       Regeneration      |       |     1 ||     1
 Stab: Sleeping          |     3 |     1 ||     4
       Distracted        |     1 |       ||     1
  Eat: Chunk             |    11 |     7 ||    18
